 Dungeon Sprint DCSS version 0.24-a0-250-g6074511092 (webtiles) character file.

Game seed: 6767800475312862826

23 Redear the Skirmisher (level 2, 0/22 HPs)
             Began as an Octopode Fighter on Apr 15, 2019.
             Succumbed to a worker ant's poison
             ... in the Dungeon (Sprint VII: "The Pits").
             The game lasted 00:00:13 (20 turns).

Redear the Skirmisher (Octopode Fighter)              Turns: 20, Time: 00:00:14

Health: 0/22       AC:  1    Str: 15    XL:     2   Next: 95%
Magic:  2/2        EV: 14    Int: 10    God:
Gold:   0          SH:  0    Dex: 11    Spells: 1/1 levels left

rFire    . . .     SeeInvis .   a - +0 long sword
rCold    . . .     Gourm    .   (no shield)
rNeg     . . .     Faith    .   (helmet restricted)
rPois    .         Spirit   .   (no amulet)
rElec    .         Reflect  .   (no ring)
rCorr    .         Harm     .   (no ring)
MR       .....     NoTele   +   (no ring)
Stlth    +++.......             (no ring)
HPRegen  0.07/turn              (no ring)
MPRegen  0.08/turn              (no ring)
                                (no ring)
                                (no ring)

@: lethally poisoned (0 -> -9)
A: almost no armour, stealthy swim, amphibious, 8 rings, constrict 8, camouflage
1, gelatinous body 1
a: no special abilities


You were in the Dungeon.
You were not hungry.

You visited 1 branch

Inventory:

Hand Weapons
 a - a +0 long sword (weapon)
Armour
 b - a +0 shield
Scrolls
 B - a scroll of blinking {@r4}
Potions
 c - a potion of might {Str+5 DMG+1d10 | @q3}
 f - a potion of heal wounds {@q1}
 h - 2 potions of magic
 i - a potion of berserk rage
 H - a potion of haste {@q5}
 Q - a potion of curing {@q2}
Comestibles
 z - a ration


   Skills:
 + Level 3.9 Fighting
 + Level 3.1 Long Blades
 + Level 3.8 Dodging
 + Level 3.2 Stealth
 + Level 3.8 Shields


You had one spell level left.
You didn't know any spells.
Your spell library was empty.

Dungeon Overview and Level Annotations

Branches:
Dungeon (1/1)

Altars:


Innate Abilities, Weirdness & Mutations

You cannot wear most types of armour.
You are very stealthy in the water. (Stealth+)
You are amphibious.
You can wear up to eight rings at the same time.
You can use your tentacles to constrict eight enemies at once.
Your skin changes colour to match your surroundings (Stealth+).
Your rubbery body absorbs attacks. (AC +1, EV +1)


Message History

The worker ant closely misses you. The worker ant barely misses you.
You hit the worker ant but do no damage.
The worker ant is severely wounded.
You constrict the worker ant, but do no damage.
The worker ant bites you!
You take 7 damage, and have 7/16 hp.
MASSIVE DAMAGE!!
You barely miss the worker ant.
The worker ant is severely wounded.
You constrict the worker ant. The worker ant closely misses you.
The worker ant bites you!
* * * LOW HITPOINT WARNING * * *
You are lethally poisoned!
The worker ant poisons you!
You take 6 damage, and have 1/16 hp.
MASSIVE DAMAGE!!
You hit the worker ant.
You kill the worker ant!
Your Long Blades skill increases to level 3!
Your Stealth skill gained 3 levels and is now at level 3!
You have reached level 2!
You die...

##########++
#........... +
#......#..#.
#####.##...........
......†@...........
##+#####......#..#.
#...........
####'#####++
#.......# #.......#
#.......# #...<...#
#.......#


There were no monsters in sight!

Vanquished Creatures
  A worker ant (D)
1 creature vanquished.

Notes
Turn   | Place    | Note
-------+----------+-------------------------------------------
     0 | D        | Redear the Octopode Fighter began the quest for the Orb.
     0 | D        | Reached XP level 1. HP: 16/16 MP: 1/1
    14 | D        | Noticed a worker ant
    19 | D        | HP: 1/16 [worker ant (7)]
    20 | D        | Killed a worker ant
    20 | D        | Reached skill level 3 in Long Blades
    20 | D        | Reached skill level 3 in Stealth
    20 | D        | Reached XP level 2. HP: 1/22 MP: 2/2
    20 | D        | Succumbed to a worker ant's poison

Levels and vault maps discovered:
D:        pitsprint [storerooms_1, entrance_room_1, metal_vault_6, armoury_1,
          mini_pit_1, grid_room_1, main_hall_1, silver_pit, the_coven_1,
          the_vestibule_1, steel_vault_3, golden_pit, hallway_of_sentries,
          crystal_vault_4, iron_vault_2, final_vault]

Skill      XL: |  1 |
---------------+----+-----
Long Blades    | 3 |  3.1
Stealth        | 3 |  3.2
Fighting       | |  3.9
Dodging        | |  3.8
Shields        | |  3.8

Action                   || total
-------------------------++-------
Melee: Long sword        ||     5
       Tentacles         ||     2
       Constrict         ||     1
Dodge: Dodged            ||     5
       Rpst.: Long sword ||     1

Table legend:
 A = Non-vault XP
 B = Vault XP
 C = Vault XP percentage of total XP
 D = Non-vault monster count
 E = Vault monster count
 F = Vault count percentage of total count
                 A         B        C        D         E       F
            +---------+---------+-------+---------+---------+-------
      Total |       0 |      33 | 100.0 |       0 |       1 | 100.0
            +---------+---------+-------+---------+---------+-------
          D |       0 |      33 | 100.0 |       0 |       1 | 100.0
            +---------+---------+-------+---------+---------+-------
